 Dungeon Crawl Stone Soup version 0.21-a0-509-gecc5317 (webtiles) character file.

53 4thArraOfDagon the Firebug (level 3, -1/21 HPs)
             Began as a Vampire Fire Elementalist on Nov 29, 2017.
             Was an Initiate of Hepliaklqana.
             Slain by Grinder (9 damage)
             ... while paralysed by Grinder
             ... on level 3 of the Dungeon.
             The game lasted 00:05:25 (886 turns).

4thArraOfDagon the Firebug (VpFE)                    Turns: 886, Time: 00:05:25

Health: -1/21      AC:  2    Str:  7    XL:     3   Next: 64%
Magic:  5/6        EV:  2    Int: 18    God:    Hepliaklqana [......]
Gold:   34         SH:  0    Dex: 14    Spells: 2/6 levels left

rFire    . . .     SeeInvis +   (no weapon)
rCold    . . .     Gourm    .   (no shield)
rNeg     . . .     Faith    .   a - +0 robe
rPois    +         Spirit   .   (no helmet)
rElec    .         Reflect  .   (no cloak)
rCorr    .         Harm     .   (no gloves)
MR       .....                  (no boots)
Stlth    ++........             (no amulet)
HPRegen  0.27/turn              g - ring of poison resistance
MPRegen  0.10/turn              (no ring)

@: paralysed, regenerating quickly
A: reduced essence, fangs 3, see invisible, unbreathing
a: Recall Ancestor, Ancestor Identity, Renounce Religion


You were on level 3 of the Dungeon.
You worshipped Hepliaklqana.
Hepliaklqana was noncommittal.
You were very full.

You visited 1 branch of the dungeon, and saw 3 of its levels.

You collected 34 gold pieces.

Inventory:

Hand Weapons
 i - a +2 mace of protection
Missiles
 h - 4 silver javelins (quivered)
Armour
 a - a +0 robe (worn)
Jewellery
 g - a ring of poison resistance (left hand)
Scrolls
 d - 2 scrolls of remove curse {unknown}
 f - 3 scrolls of identify {unknown}
 j - a scroll of teleportation {unknown}
Potions
 c - a potion of degeneration {unknown}
 e - 9 potions of blood
 k - a potion of mutation {unknown}
 l - a potion of brilliance {unknown}
Books
 b - a book of Flames

   Spells                             Type                      Level
   a - Flame Tongue                   Conjuration/Fire             1
   b - Throw Flame                    Conjuration/Fire             2
   c - Conjure Flame                  Conjuration/Fire             3
   d - Inner Flame                    Hexes/Fire                   3
   e - Sticky Flame                   Conjuration/Fire             4
   f - Fireball                       Conjuration/Fire             5


   Skills:
 - Level 2.1 Dodging
 - Level 3.0 Stealth
 + Level 2.4 Spellcasting
 * Level 1.6 Conjurations
 * Level 3.1 Fire Magic


You had 2 spell levels left.
You knew the following spells:

 Your Spells              Type           Power        Failure   Level  Hunger
a - Flame Tongue          Conj/Fire      ##...        6%          1    #......
b - Conjure Flame         Conj/Fire      ##......     19%         3    ###....


Dungeon Overview and Level Annotations

Branches:
Dungeon (3/15)

Altars:
Hepliaklqana
Makhleb
Vehumet
Wu Jian

Annotations:
D:2 Terence
D:3 Grinder


Innate Abilities, Weirdness & Mutations

Your natural rate of healing is unusually fast.
You have razor-sharp teeth.
You have supernaturally acute eyesight. (SInv)
You can survive without breathing.
Your life essence is reduced to manifest your ancestor. (-10% HP)


Message History

Unknown command.
You swap places.
Unknown command.
Grinder hits you!
Ouch! That really hurt!
You writhe in agony.
Cihuaton barely misses Grinder.
Unknown command.
Unknown command.
Unknown command.
Unknown command.
Unknown command.
Unknown command.
Grinder gestures at you.
You suddenly lose the ability to move!
Cihuaton hits Grinder.
Grinder gestures at you. Pain shoots through your body!
Cihuaton misses Grinder.
Grinder hits you!
You die...

#.#.# #######.#.#
#....##.#.# #.##.##.#.#
#####.##.##.#.#
KR....##.##.#.#
########.##.#.#
#####.##...############
#......)...R5@.......<#
#...(...#.#############
#....[.##.##
#.....##...#
#....####'####
#...##.#...#.##
#..##_.'.⌠.'._# #..
##.#.(.#.## #.
####'####


You could see the friendly Cihuaton the ancestor and Grinder.

Vanquished Creatures
  An adder (D:2)
  A dart slug (D:1)
  3 bats
  A giant cockroach (D:3)
  8 goblins
  3 hobgoblins (D:1)
  4 jackals (D:1)
  A quokka (D:2)
  2 frilled lizards
  10 kobolds
  4 rats
38 creatures vanquished.

Vanquished Creatures (collateral kills)
  A frilled lizard (D:3)
1 creature vanquished.

Grand Total: 39 creatures vanquished

Notes
Turn   | Place    | Note
-------+----------+-------------------------------------------
     0 | D:1      | 4thArraOfDagon the Vampire Fire Elementalist began the quest for the Orb.
     0 | D:1      | Reached XP level 1. HP: 13/13 MP: 3/3
    92 | D:1      | Reached skill level 1 in Conjurations
    95 | D:1      | Reached XP level 2. HP: 8/19 MP: 1/5
   177 | D:2      | Noticed Terence
   540 | D:1      | Reached XP level 3. HP: 21/24 MP: 0/6
   698 | D:2      | Found a hazy altar of Hepliaklqana.
   702 | D:2      | Became a worshipper of Hepliaklqana the Forgotten
   754 | D:2      | Found a faded altar of an unknown god.
   812 | D:3      | Found a radiant altar of Vehumet.
   813 | D:3      | Found an ornate altar of the Wu Jian Council.
   816 | D:3      | Found a burning altar of Makhleb.
   844 | D:3      | Noticed Grinder
   865 | D:3      | Learned a level 3 spell: Conjure Flame
   883 | D:3      | Paralysed by Grinder for 5 turns
   886 | D:3      | Slain by Grinder

Vault maps used:
D:1:      scummos_arrival_simple_fountains
D:2:      lemuel_round_altar, chequers_ecumenical_altar_simple_redux,
          uniq_terence
D:3:      grunt_temple_overflow_diamond, lemuel_doored_altar, uniq_grinder

Skill      XL: |  1  2  3 |
---------------+----------+-----
Conjurations   | 1 |  1.6
Fire Magic     | 3 |  3.1
Dodging        | |  2.1
Stealth        | |  3.0
Spellcasting   | |  2.4

Action                   || total
-------------------------++-------
Melee: Unarmed           ||    53
       Bite              ||     3
Throw: Javelin           ||     1
 Cast: Flame Tongue      ||    49
  Use: Potion            ||     1
 Stab: Sleeping          ||     1
  Eat: Corpse            ||     8
Armor: Robe              ||    12
Dodge: Dodged            ||    74

Table legend:
 A = Spawn XP
 B = Non-spawn XP
 C = Spawn XP percentage of total XP
 D = Spawn monster count
 E = Non-spawn monster count
 F = Spawn count percentage of total count
 G = Total turns spent on level
                    A         B        C        D         E        F      G
               +---------+---------+-------+---------+---------+-------+---------
         Total |       0 |      77 |   0.0 |       0 |      39 |   0.0 |   886
               +---------+---------+-------+---------+---------+-------+---------
           D:1 |       0 |      45 |   0.0 |       0 |      27 |   0.0 |   545
           D:2 |       0 |      23 |   0.0 |       0 |       7 |   0.0 |   244
           D:3 |       0 |       9 |   0.0 |       0 |       5 |   0.0 |    97
               +---------+---------+-------+---------+---------+-------+---------
